[Event "European Rapid Championship 2021"]
[Site "Katowice"]
[Date "2021.12.18"]
[Round "6.22"]
[White "Gerasimenyuk, Mikhail"]
[Black "Kos, Pawel"]
[Result "0-1"]
[ECO "A48"]
[WhiteElo "1984"]
[BlackElo "2199"]
[Annotator "NA"]
[PlyCount "64"]
[EventDate "2021.12.18"]
[EventType "swiss"]
[EventCountry "POL"]
[SourceTitle "playchess.com"]
[Source "ChessBase"]
[SourceQuality "1"]
[TimeControl "900+10"]

1. d4 Nf6 2. Nf3 g6 3. Bg5 Bg7 4. e3 d6 5. Nbd2 c6 6. Bd3 a6 7. c3 b5 8. Qc2 Bb7 9. O-O-O Qa5 10. Kb1 c5 11. dxc5 dxc5 12. Bxf6 exf6 13. Ne4 O-O 14. Nxc5 Ra7 15. h4 f5 16. h5 b4 17. Nb3 Qb6 18. hxg6 hxg6 19. c4 a5 20. Nbd4 b3 21. Qxb3 Qf6 22. c5 Nd7 23. Qc2 Rc8 24. Rc1 Nxc5 25. Qe2 Raa8 26. Ka1 a4 27. Rc3 Qb6 28. Rhc1 Bxf3 29. gxf3 Nb3+ 30. Nxb3 Bxc3 31. Rxc3 Rxc3 32. Nd2 Rb8 0-1

[Event "European Rapid Championship 2021"]
[Site "Katowice"]
[Date "2021.12.18"]
[Round "6.23"]
[White "Wiewiora, Eneasz"]
[Black "Kolasa, Pjotrs"]
[Result "1-0"]
[ECO "C55"]
[WhiteElo "2333"]
[BlackElo "2051"]
[Annotator "NA"]
[PlyCount "77"]
[EventDate "2021.12.18"]
[EventType "swiss"]
[EventCountry "POL"]
[SourceTitle "playchess.com"]
[Source "ChessBase"]
[SourceQuality "1"]
[TimeControl "900+10"]

1. e4 e5 2. Nf3 Nc6 3. Bc4 Nf6 4. d3 Be7 5. O-O O-O 6. Re1 d6 7. a4 Be6 8. Nbd2 Qd7 9. c3 Rae8 10. b4 Bd8 11. b5 Ne7 12. Bxe6 fxe6 13. d4 exd4 14. cxd4 Ng6 15. Nf1 d5 16. Ne5 Qc8 17. Nxg6 hxg6 18. e5 Nh5 19. Qg4 Kh7 20. Ra3 Qd7 21. Rh3 Qf7 22. Be3 Kg8 23.
Rf3 Qe7 24. Rxf8+ Rxf8 25. Qxg6 Nf4 26. Qg4 Qg5 27. Qxg5 Bxg5 28. Bxf4 Rxf4 29. Rd1 Kf8 30. Ng3 Be7 31. Ne2 Re4 32. Kf1 Ba3 33. Rd3 Bb2 34. g3 Rg4 35. f4 Ke8 36. Rb3 Ba1 37. Kf2 c5 38.
bxc6 bxc6 39. Rb1 1-0

[Event "European Rapid Championship 2021"]
[Site "Katowice"]
[Date "2021.12.18"]
[Round "6.23"]
[White "Danielyan, Vahe"]
[Black "Redzisz, Michal"]
[Result "1-0"]
[ECO "C42"]
[WhiteElo "2198"]
[BlackElo "2257"]
[Annotator "NA"]
[PlyCount "135"]
[EventDate "2021.12.18"]
[EventType "swiss"]
[EventCountry "POL"]
[SourceTitle "playchess.com"]
[Source "ChessBase"]
[SourceQuality "1"]
[TimeControl "900+10"]

1. e4 e5 2. Nf3 Nf6 3. Nc3 Bb4 4. Nxe5 O-O 5. Be2 Re8 6.
Nd3 Bxc3 7. dxc3 Nxe4 8. O-O d6 9. Nf4 b6 10. Bf3 Bb7 11. Re1 Nd7 12. a4 a5 13. Be3 Qc8 14. Bd4 Nef6 15. Rxe8+ Nxe8 16. Nd5 Bxd5 17. Bxd5 c6 18. Bf3 d5 19. Qd2 Nef6 20. Re1 Qf8 21. c4 Re8 22. cxd5 cxd5 23. g3 Re6 24. Qc3 Rxe1+ 25. Qxe1 Qd6 26. c3 h6 27. b4 Qc6 28. Kg2 Qxa4 29. bxa5 bxa5 30. Qe7 Qb5 31. Be2 Qb8 32. Bd3 Qf8 33. Qe2 a4 34. Qa2 a3 35. Bf5 Qe7 36. h3 Qd6 37.
Qb3 g6 38. Bd3 Ne4 39. Qa4 Nf8 40. Qa8 Kh7 41. Bc2 h5 42. Bb3 h4 43. Qxd5 Qxd5 44. Bxd5 Ne6 45. Be5 N4c5 46. Bc4 hxg3 47. fxg3 Nd7 48. Bd6 Ndc5 49. Kf3 Kg7 50. Ba2 Ng5+ 51. Ke3 Na4 52. Bxa3 Nxh3 53. c4 Kf6 54. Bb3 Nb6 55. c5 Nc8 56. c6 Ng5 57. Kd4 Na7 58. Kd5 Ne6 59. Bb2+ Ke7 60. Bc4 f5 61. Ba3+ Kf6 62. Bd6 g5 63. Be5+ Kf7 64. Bb8 Nxc6 65. Kxc6 Kf6 66. Kd5 g4 67. Be5+ Ke7 68. Bd3 1-0

[Event "European Rapid Championship 2021"]
[Site "Katowice"]
[Date "2021.12.18"]
[Round "6.24"]
[White "Przybylski, Wojciech"]
[Black "Widelski, Kacper"]
[Result "1-0"]
[ECO "B39"]
[WhiteElo "2321"]
[BlackElo "1884"]
[Annotator "NA"]
[PlyCount "45"]
[EventDate "2021.12.18"]
[EventType "swiss"]
[EventCountry "POL"]
[SourceTitle "playchess.com"]
[Source "ChessBase"]
[SourceQuality "1"]
[TimeControl "900+10"]

1. e4 c5 2. Nf3 g6 3. c4 Bg7 4. d4 cxd4 5. Nxd4 Nc6 6. Be3 Nf6 7. Nc3 Ng4 8.
Qxg4 Nxd4 9. Qd1 Ne6 10. Be2 Qa5 11. O-O Bxc3 12. bxc3 Qxc3 13. c5 Qe5 14. Qa4 O-O 15. f4 Qc3 16. Qb3 Qa5 17. Rac1 Rb8 18.
f5 Nd8 19. Bc4 Kg7 20. f6+ exf6 21. Qb2 b5 22. Qxf6+ Kg8 23. Bd4 1-0

[Event "European Rapid Championship 2021"]
[Site "Katowice"]
[Date "2021.12.18"]
[Round "6.24"]
[White "Lukasiewicz, Krzysztof"]
[Black "Wieczorek, Oskar"]
[Result "0-1"]
[ECO "A45"]
[WhiteElo "2251"]
[BlackElo "2367"]
[Annotator "NA"]
[PlyCount "108"]
[EventDate "2021.12.18"]
[EventType "swiss"]
[EventCountry "POL"]
[SourceTitle "playchess.com"]
[Source "ChessBase"]
[SourceQuality "1"]
[TimeControl "900+10"]

1. d4 Nf6 2. Bf4 g6 3. Nc3 c5 4. e3 Bg7 5. h4 cxd4 6. exd4 Qa5 7. Qd2 d6 8. Bc4 Bf5 9. Bb3 O-O 10. Nge2 e5 11. Bh6 Bxh6 12. Qxh6 exd4 13. Nxd4 Qe5+ 14. Nde2 Nc6 15. Qf4 Rfe8 16. Qxe5 dxe5 17. O-O-O Ng4 18. Rhf1 Rad8 19. Nd5 Na5 20. Ba4 Rf8 21. f3 Rxd5 22. Rxd5 Ne3 23. Rxa5 Nxf1 24. Rxe5 Rd8 25. g4 Bc8 26. Nc3 Kf8 27. Re1 Nh2 28. Re3 f5 29. gxf5 Bxf5 30. Bb5 Rd4 31. Ne4 Nxf3 32. Rxf3 Rxe4 33. Bd3 Re5 34. Bxf5 gxf5 35. Kd2 Kf7 36. Rc3 Re7 37. Re3 Rc7 38. b3 Kf6 39. c4 Rg7 40. Rd3 Ke5 41. Rd8 Ke4 42. Rf8 Rg2+ 43. Kc3 f4 44. Rf7 f3 45. Re7+ Kf4 46. Rxb7 f2 47. Rf7+ Ke3 48. Re7+ Kf3 49. Rf7+ Ke2 50. Re7+ Kd1 51. Rd7+ Ke2 52. Re7+ Kf1 53. c5 Rg3+ 54. Kd2 Kg2 0-1

[Event "European Rapid Championship 2021"]
[Site "Katowice"]
[Date "2021.12.18"]
[Round "6.25"]
[White "Baum, Jonasz"]
[Black "Kukula, Pawel"]
[Result "0-1"]
[ECO "E00"]
[WhiteElo "2343"]
[BlackElo "2088"]
[Annotator "NA"]
[PlyCount "74"]
[EventDate "2021.12.18"]
[EventType "swiss"]
[EventCountry "POL"]
[SourceTitle "playchess.com"]
[Source "ChessBase"]
[SourceQuality "1"]
[TimeControl "900+10"]

1. d4 Nf6 2. c4 e6 3. Nc3 c5 4. d5 exd5 5. cxd5 Bd6 6. Nf3 Bc7 7. d6 Ba5 8. Bg5 h6 9. Bh4 g5 10. Bg3 Nc6 11. e3 Ne4 12. Bc4 Nxc3 13. bxc3 Bxc3+ 14. Ke2 Bg7 15. Qd3 O-O 16. h4 Nb4 17. Qb1 g4 18. Ng5 hxg5 19. hxg5 Re8 20. Qh7+ Kf8 21. Qf5 Re6 22. Bxe6 dxe6 23. Qxc5 Nd5 24. Rac1 Bd7 25. Qc2 Bb5+ 26. Kd1 Nc3+ 27. Qxc3 Bxc3 28. Rxc3 Qa5 29. Rh8+ Kg7 30. Be5+ Kg6 31. Rxa8 Ba4+ 32. Kd2 Qxe5 33. Rd8 Qd5+ 34. Rd3 Qxa2+ 35. Ke1 Bb5 36. Rd2 Qa1+ 37. Rd1 Qa5+ 0-1

[Event "European Rapid Championship 2021"]
[Site "Katowice"]
[Date "2021.12.18"]
[Round "6.25"]
[White "Malczyk, Radoslaw"]
[Black "Sanz Wawer, Daniel"]
[Result "0-1"]
[ECO "A45"]
[WhiteElo "1926"]
[BlackElo "2371"]
[Annotator "NA"]
[PlyCount "104"]
[EventDate "2021.12.18"]
[EventType "swiss"]
[EventCountry "POL"]
[SourceTitle "playchess.com"]
[Source "ChessBase"]
[SourceQuality "1"]
[TimeControl "900+10"]

1. d4 Nf6 2. Bg5 d5 3. Bxf6 exf6 4. e3 Bd6 5. c4 dxc4 6.
Bxc4 O-O 7. Ne2 f5 8. O-O b6 9. Ng3 g6 10. Qf3 c6 11. Nc3 Bb7 12. Rad1 Qc7 13.
e4 b5 14. Bd3 b4 15. Nce2 c5 16. dxc5 Bxc5 17. Rc1 Nd7 18. Qf4 Qxf4 19. Nxf4 Bd6 20. Nd5 Bxd5 21. exd5 Nb6 22. Bb5 Bxg3 23. hxg3 Nxd5 24. Bc6 Rad8 25. a3 bxa3 26. bxa3 Nf6 27. Bf3 Rd7 28. Rc6 Kg7 29. Rfc1 Rb8 30. Rc7 Rb3 31. Rxd7 Nxd7 32. Rc7 Ne5 33. Rxa7 Nxf3+ 34. gxf3 Rxf3 35. a4 Ra3 36. a5 Ra4 37. Kg2 f4 38. Ra8 fxg3 39. fxg3 h5 40. a6 Kf6 41. Ra7 Ke6 42. Kf3 f6 43. Ra8 Kf5 44. a7 Ra3+ 45.
Kf2 g5 46. Rh8 Rxa7 47. Rxh5 Kg4 48. Rh6 Ra2+ 49. Ke3 f5 50. Rg6 Ra3+ 51. Kf2 Rf3+ 52. Ke2 Rxg3 0-1

[Event "European Rapid Championship 2021"]
[Site "Katowice"]
[Date "2021.12.18"]
[Round "6.26"]
[White "Bjerre, Jonas Buhl"]
[Black "Karolczuk, Iwo"]
[Result "1/2-1/2"]
[ECO "E91"]
[WhiteElo "2330"]
[BlackElo "2007"]
[Annotator "NA"]
[PlyCount "74"]
[EventDate "2021.12.18"]
[EventType "swiss"]
[EventCountry "POL"]
[SourceTitle "playchess.com"]
[Source "ChessBase"]
[SourceQuality "1"]
[TimeControl "900+10"]

1. d4 Nf6 2. c4 g6 3. Nc3 Bg7 4. e4 O-O 5. Nf3 d6 6. Be2 c5 7. O-O Nc6 8. d5 Na5 9. Bf4 Nh5 10. Bg5 h6 11. Be3 e5 12. dxe6 Bxe6 13. Nd5 Bxd5 14. cxd5 Bxb2 15. Rb1 Bg7 16. e5 dxe5 17. Bxc5 e4 18. Nd4 Re8 19. Bxh5 Qxd5 20. Rb5 Qxh5 21. Qxh5 gxh5 22. Nf5 b6 23. Be3 Re6 24. Rc1 Rd8 25. h4 Bf8 26. Rc7 Nc6 27. a4 Ne5 28. Rxa7 Ng4 29. g3 Rd1+ 30. Kg2 Ne5 31. Rc7 Nd3 32. Nd4 Ne1+ 33. Kh3 Nf3 34. Nxe6 Rh1+ 35. Kg2 Rg1+ 36. Kh3 Rh1+ 37. Kg2 Rg1+ 1/2-1/2

[Event "European Rapid Championship 2021"]
[Site "Katowice"]
[Date "2021.12.18"]
[Round "6.26"]
[White "Lukasiewicz, Aleksander"]
[Black "Semjonovs, Ilja"]
[Result "0-1"]
[ECO "B90"]
[WhiteElo "1887"]
[BlackElo "2383"]
[Annotator "NA"]
[PlyCount "110"]
[EventDate "2021.12.18"]
[EventType "swiss"]
[EventCountry "POL"]
[SourceTitle "playchess.com"]
[Source "ChessBase"]
[SourceQuality "1"]
[TimeControl "900+10"]

1. e4 c5 2. Nf3 d6 3. d4 cxd4 4. Nxd4 Nf6 5. Nc3 a6 6. Bc4 e6 7. Bb3 Be7 8. O-O Nc6 9. Be3 O-O 10. f4 Qc7 11. f5 Nxd4 12. Bxd4 b5 13.
Qf3 b4 14. Na4 Rb8 15. Rae1 Rb5 16. c4 bxc3 17. Nxc3 Rb4 18. Bf2 Re8 19. Bg3 exf5 20. exf5 Bb7 21. Qd3 Qc5+ 22. Kh1 Rd4 23. Qc2 Qc6 24. Re2 Bf8 25. Rxe8 Nxe8 26. Qf2 Nf6 27. Rg1 Rb4 28. Qd2 a5 29. Qd1 h5 30. a3 Rg4 31. Ba4 Qc5 32. Qe2 h4 33. Bf2 Qxf5 34. Bc2 Qd7 35.
Qd3 Qc6 36. Qh3 Bc8 37. Qd3 Bb7 38. Qh3 Bc8 39. Qd3 g6 40.
h3 Rf4 41. Be3 Rf3 42. Kh2 Rg3 43. Qe2 Qd7 44. Qf1 Rxe3 45. Nd1 Rg3 46. Nf2 Kg7 47. Ne4 Nxe4 48. Bxe4 d5 49. Bf3 Bd6 50. Kh1 d4 51. Bg4 Qc7 52. Bxc8 Qxc8 53. Qf2 Rxh3+ 54. gxh3 Qxh3+ 55. Qh2 Qxh2# 0-1

[Event "European Rapid Championship 2021"]
[Site "Katowice"]
[Date "2021.12.18"]
[Round "6.27"]
[White "Czernek, Tymon"]
[Black "Szpar, Milosz"]
[Result "0-1"]
[ECO "B34"]
[WhiteElo "2197"]
[BlackElo "2315"]
[Annotator "NA"]
[PlyCount "76"]
[EventDate "2021.12.18"]
[EventType "swiss"]
[EventCountry "POL"]
[SourceTitle "playchess.com"]
[Source "ChessBase"]
[SourceQuality "1"]
[TimeControl "900+10"]

1. e4 c5 2. Nf3 Nc6 3. d4 cxd4 4. Nxd4 g6 5. Nc3 Bg7 6. Be3 Nf6 7. Be2 O-O 8. Nxc6 bxc6 9. e5 Ne8 10. f4 f6 11. Bc4+ Kh8 12. O-O Qa5 13.
Ne4 Rb8 14. Bc5 f5 15. b4 Rxb4 16. Bxb4 Qxb4 17. Nd2 d6 18. Rb1 Qc5+ 19. Kh1 dxe5 20. fxe5 Bxe5 21. Qe2 Bc7 22. Rfe1 e5 23. Nb3 Qe7 24. Qf2 e4 25. Nd4 Nf6 26. Qh4 Qc5 27. Ne6 Bxe6 28. Bxe6 Ng4 29. Re2 Bb6 30. Rf1 Qe5 31. Qxg4 fxg4 32. Rxf8+ Kg7 33. Rf7+ Kh6 34. Rf1 Qxe6 35. g3 e3 36. Kg1 Qxa2 37. Rf4 Qb1+ 38. Rf1 Qb5 0-1

[Event "European Rapid Championship 2021"]
[Site "Katowice"]
[Date "2021.12.18"]
[Round "6.27"]
[White "Mackowiak, Szymon"]
[Black "Zylka, Stanislaw"]
[Result "1/2-1/2"]
[ECO "D85"]
[WhiteElo "1665"]
[BlackElo "2367"]
[Annotator "ChessBase"]
[PlyCount "245"]
[EventDate "2021.12.18"]
[EventType "swiss"]
[EventCountry "POL"]
[SourceTitle "playchess.com"]
[Source "ChessBase"]
[SourceQuality "1"]
[TimeControl "900+10"]

1. d4 Nf6 2. c4 g6 3. Nc3 d5 4. cxd5 Nxd5 5. Bd2 Bg7 6. e4 Nxc3 7. Bxc3 c5 8. d5 Bxc3+ 9. bxc3 O-O 10. Nf3 e6 11. Be2 exd5 12. exd5 Qd6 13. O-O Nd7 14. a4 Nf6 15. c4 Bd7 16. Qc2 Rfe8 17. Bd3 Bg4 18.
Nd2 Qe5 19. Rab1 b6 20. Qb2 Qxb2 21. Rxb2 Be2 22. Bxe2 Rxe2 23. Rfb1 Rae8 24. f3 Kf8 25. Kf1 h5 26. h4 R2e3 27. Rb3 Rxb3 28. Rxb3 Rb8 29. Kf2 Ne8 30. Ne4 Ke7 31. Ke3 f5 32. Nc3 Nd6 33. Kd3 Nf7 34. f4 Kd7 35. Rb1 Re8 36. a5 Nd6 37. axb6 axb6 38. Rxb6 Re3+ 39. Kc2 Rg3 40. Na4 Rxg2+ 41. Kb3 Rg3+ 42. Kc2 Nxc4 43. Nxc5+ Kd8 44. Rb7 Kc8 45. Rg7 Ne3+ 46. Kd2 Nxd5 47. Ne6 Rg4 48. Rg8+ Kb7 49. Rg7+ Kc6 50. Rg8 Kd6 51. Ng7 Nxf4 52. Ne8+ Ke7 53. Nc7 Rxh4 54. Ke3 Rg4 55. Rh8 h4 56. Kf3 Ne6 57. Rh7+ Kd6 58. Ne8+ Ke5 59. Re7 h3 60. Ra7 Nd4+ 61. Kf2 h2 62. Rh7 Re4 63. Kg2 Re2+ 64. Kh1 Ne6 65. Rf7 g5 66. Nf6 g4 67. Nh5 f4 68. Re7 Re1+ 69. Kxh2 Kf5 70. Re8 g3+ 71. Nxg3+ fxg3+ 72. Kxg3 Re3+ 73. Kf2 Ra3 74. Re7 Ng5 75. Re8 Kf4 76. Rf8+ Kg4 77. Rg8 Rb3 78. Rg7 Kf4 79. Ke2 Nf3 80. Re7 Rb2+ 81. Kd3 Ne5+ 82. Kc3 Rb8 83. Rh7 Rc8+ 84. Kd4 Rd8+ 85. Kc3 Ke3 86. Re7 Rc8+ 87. Kb3 Rc5 88. Re8 Kd2 89. Rh8 Nf3 90. Kb4 Rc7 91. Rd8+ Kc2 92. Rf8 Nd4 93. Rh8 Kb2 94. Rh2+ Nc2+ 95. Kb5 Rc3 96. Rg2 Kb3 97. Rg4 Na3+ 98. Kb6 Nc4+ 99. Kb5 Nd6+ 100. Kb6 Rc8 101. Rh4 Nc4+ 102. Kb5 Kc3 103. Rg4 Kd3 104. Rh4 Nd6+ 105. Kb6 Ne4 106. Rh1 Kc4 107. Rc1+ Nc3 108. Kb7 Rc5 109. Rh1 Kb5 110. Rh2 Nd5 111. Rb2+ Nb4 112. Rb1 Rc3 113. Rh1 Kc5 114. Ra1 Nd5 115. Ra5+ Kd6 116.
Ra6+ Kd7 117. Rh6 Rb3+ 118. Ka6 Ne7 119. Ka5 Nc6+ 120. Ka4 Rb1 121. Rh7+ Kd6 122. Rh6+ Kc5 123. Rh5+ 1/2-1/2

[Event "European Rapid Championship 2021"]
[Site "Katowice"]
[Date "2021.12.18"]
[Round "6.28"]
[White "Kozak, Antoni"]
[Black "Malicka, Maria"]
[Result "1-0"]
[ECO "A48"]
[WhiteElo "2356"]
[BlackElo "1947"]
[Annotator "NA"]
[PlyCount "53"]
[EventDate "2021.12.18"]
[EventType "swiss"]
[EventCountry "POL"]
[SourceTitle "playchess.com"]
[Source "ChessBase"]
[SourceQuality "1"]
[TimeControl "900+10"]

1. d4 Nf6 2. Nf3 g6 3. c4 d5 4. cxd5 Nxd5 5. e4 Nb6 6. h3 Bg7 7. Bb5+ N8d7 8. Nc3 O-O 9. Bg5 c6 10. Be2 Re8 11. O-O Qc7 12. Rc1 e5 13.
d5 f6 14. Be3 Bf8 15. b4 Qd6 16. dxc6 bxc6 17. b5 Bb7 18. a4 Qa3 19. Nb1 Qb4 20. bxc6 Bxc6 21. Rxc6 Qxe4 22. Rc7 Rad8 23. Qb3+ Kg7 24. Bb5 Re7 25. Nc3 Qf5 26. a5 Na8 27. Rxa7 1-0

[Event "European Rapid Championship 2021"]
[Site "Katowice"]
[Date "2021.12.18"]
[Round "6.28"]
[White "Jedrusik, Adam"]
[Black "Helis, Tadeusz"]
[Result "1/2-1/2"]
[ECO "A45"]
[WhiteElo "1769"]
[BlackElo "2155"]
[Annotator "NA"]
[PlyCount "94"]
[EventDate "2021.12.18"]
[EventType "swiss"]
[EventCountry "POL"]
[SourceTitle "playchess.com"]
[Source "ChessBase"]
[SourceQuality "1"]
[TimeControl "900+10"]

1. d4 Nf6 2. Bg5 Ne4 3. Bf4 d5 4. e3 Bf5 5. Nd2 e6 6. Ngf3 c6 7. Nxe4 Bxe4 8. Bd3 Bxd3 9. Qxd3 Nd7 10. O-O Be7 11. c4 dxc4 12. Qxc4 O-O 13. Rfd1 h6 14. a3 Nf6 15. b4 a6 16. Rab1 Qd5 17. Qc2 Qe4 18. Rdc1 Rfd8 19. Ne5 Bd6 20. Qxe4 Nxe4 21. Nd3 Kf8 22. Bxd6+ Nxd6 23. Rc5 Ke7 24. f3 f6 25. Kf2 Nb5 26. a4 Nd6 27. Nb2 a5 28. bxa5 Ra7 29. e4 Rda8 30. Nc4 Nxc4 31. Rxc4 Kd7 32.
Rb6 Kc7 33. Rcb4 Rb8 34. a6 Rxa6 35. Rxa6 bxa6 36. Rxb8 Kxb8 37. Ke3 Kc7 38. a5 Kd6 39. Kd3 c5 40. Kc4 cxd4 41. Kxd4 e5+ 42. Kc4 h5 43. g3 g6 44. Kb4 f5 45. Kc4 Kc6 46. h3 Kd6 47. Kb4 Kc6 1/2-1/2

[Event "European Rapid Championship 2021"]
[Site "Katowice"]
[Date "2021.12.18"]
[Round "6.29"]
[White "Kosakowski, Jakub"]
[Black "Krawczyk, Wojciech"]
[Result "1-0"]
[ECO "B12"]
[WhiteElo "2438"]
[BlackElo "1868"]
[Annotator "NA"]
[PlyCount "79"]
[EventDate "2021.12.18"]
[EventType "swiss"]
[EventCountry "POL"]
[SourceTitle "playchess.com"]
[Source "ChessBase"]
[SourceQuality "1"]
[TimeControl "900+10"]

1. e4 c6 2. d4 d5 3. e5 c5 4. dxc5 Nc6 5. f4 e6 6. Be3 d4 7. Bf2 Bxc5 8. Nd2 Nge7 9. Ngf3 Nd5 10. g3 Qa5 11. Bd3 Ne3 12. Qc1 Nb4 13. Ke2 Nbd5 14. Nb3 Qb6 15. Nxc5 Qxc5 16. c3 Qb6 17. Nxd4 Ng4 18. Bg1 Qc7 19. h3 Nh6 20. Nb5 Qc6 21. Nd6+ Kf8 22. Bd4 a6 23. Be4 b5 24. a4 Bb7 25. Kf2 f5 26. Bf3 Nf7 27. axb5 axb5 28. Nxb7 Qxb7 29. Rxa8+ Qxa8 30. c4 bxc4 31. Qxc4 Ke7 32. Bc5+ Kd7 33. Rd1 Rb8 34. b4 Qa4 35. Rxd5+ exd5 36. Qxd5+ Ke8 37. Qe6+ Kd8 38. Be7+ Kc7 39. Qxf7 Qa2+ 40. Qxa2 1-0

[Event "European Rapid Championship 2021"]
[Site "Katowice"]
[Date "2021.12.18"]
[Round "6.29"]
[White "Lach, Mateusz"]
[Black "Ortega Ruiz, Jose Miguel"]
[Result "0-1"]
[ECO "A56"]
[WhiteElo "1661"]
[BlackElo "2150"]
[Annotator "NA"]
[PlyCount "54"]
[EventDate "2021.12.18"]
[EventType "swiss"]
[EventCountry "POL"]
[SourceTitle "playchess.com"]
[Source "ChessBase"]
[SourceQuality "1"]
[TimeControl "900+10"]

1. d4 Nf6 2. c4 c5 3. e3 cxd4 4. exd4 d5 5. Nf3 Nc6 6. Nc3 Bg4 7. Be3 e6 8. a3 dxc4 9. Bxc4 Bd6 10. Bb5 O-O 11. Bxc6 bxc6 12. Bg5 Be7 13. Be3 Qb6 14. b4 a5 15. d5 Qc7 16. dxe6 Bxe6 17. Bc5 Bxc5 18. bxc5 Bc4 19. Nd4 Rfe8+ 20. Kd2 Rad8 21. Kc2 Qe5 22. Re1 Qxd4 23. Rxe8+ Nxe8 24. Qxd4 Rxd4 25. Re1 Kf8 26. a4 Nc7 27. Re4 Bd3+ 0-1

[Event "European Rapid Championship 2021"]
[Site "Katowice"]
[Date "2021.12.18"]
[Round "6.30"]
[White "Bauer, Thomas"]
[Black "Warchol, Kamil"]
[Result "0-1"]
[ECO "B40"]
[WhiteElo "2143"]
[BlackElo "1976"]
[Annotator "ChessBase"]
[PlyCount "96"]
[EventDate "2021.12.18"]
[EventType "swiss"]
[EventCountry "POL"]
[SourceTitle "playchess.com"]
[Source "ChessBase"]
[SourceQuality "1"]
[TimeControl "900+10"]

1. e4 c5 2. Nf3 e6 3. g3 Nc6 4. Bg2 e5 5. Na3 d6 6. Nc4 Nf6 7. d3 h6 8. O-O Be7 9. a4 O-O 10. a5 Be6 11. Nfd2 d5 12. exd5 Nxd5 13. Re1 Qc7 14. Nf3 Bf6 15. Bd2 Rfe8 16. a6 b6 17. Qc1 Rad8 18. h3 Nd4 19. Kh2 Nc6 20. Re4 Bf5 21. Re1 e4 22. dxe4 Bxe4 23. c3 b5 24. Ne3 Nxe3 25. Bxe3 Bxf3 26. Bxf3 Ne5 27. Be2 Qc6 28. b4 c4 29. Bxa7 Ra8 30. Bd4 Rxa6 31. Rxa6 Qxa6 32. Qf4 Qc6 33. Rd1 Bg5 34. Qf5 g6 35. Qc2 Nf3+ 36. Bxf3 Qxf3 37. Rf1 Re2 38. Qd1 Qd3 39. Qa1 Re8 40. Re1 Rf8 41. h4 Bd2 42.
Rg1 Rd8 43. Rd1 Qe2 44. Be3 Kh7 45. Bb6 Bxc3 46. Qxc3 Rxd1 47. Be3 Qf3 48. Bxh6 Rh1# 0-1

[Event "European Rapid Championship 2021"]
[Site "Katowice"]
[Date "2021.12.18"]
[Round "6.30"]
[White "Grzesik, Gracjan"]
[Black "Kowalski, Igor"]
[Result "1/2-1/2"]
[ECO "A11"]
[WhiteElo "1992"]
[BlackElo "2295"]
[Annotator "ChessBase"]
[PlyCount "134"]
[EventDate "2021.12.18"]
[EventType "swiss"]
[EventCountry "POL"]
[SourceTitle "playchess.com"]
[Source "ChessBase"]
[SourceQuality "1"]
[TimeControl "900+10"]

1. c4 c6 2. Nc3 d5 3. cxd5 cxd5 4. d4 Nf6 5. Bf4 Nc6 6. e3 a6 7. Bd3 Bg4 8. Nge2 e6 9. O-O Bd6 10. f3 Bh5 11. a3 O-O 12. Bxd6 Qxd6 13. Nf4 Bg6 14. Nxg6 hxg6 15. f4 b5 16. Rc1 Rfc8 17. Nb1 Na5 18.
Nd2 Nc4 19. Nxc4 bxc4 20. Bb1 Rab8 21. Rf2 Rc7 22. g4 Rcb7 23. g5 Nd7 24. Rcc2 Rb3 25. Qc1 Nb6 26. h4 Na4 27. Ba2 Rd3 28.
Rh2 Nb6 29. Bb1 Rb3 30. h5 gxh5 31. g6 Na4 32. gxf7+ Kxf7 33. Rcg2 c3 34. Qc2 Rxb2 35. Qg6+ Ke7 36. Qxg7+ Kd8 37. Bc2 Qxa3 38. Qf6+ Kc7 39. Rg7+ Kb6 40. Qxe6+ Ka5
41. Qxd5+ R8b5 42. Qd8+ Nb6 43. Rhg2 Qa1+ 44. Kh2 Qc1 45. Bd3 Rxg2+ 46. Rxg2 Rb2 47. Be2 Qxe3 48. Qg5+ Ka4 49. Bd1+ c2 50. Bxc2+ Rxc2 51. Rxc2 Qxd4 52. Qe5 Qxe5 53. fxe5 Nd5 54. Rd2 Ne7 55. Rd7 Nc6 56. e6 Kb5 57. Rd5+ Kb4 58. Rd6 Kc5 59. Rd7 a5 60. Kh3 a4 61. e7 Nxe7 62. Rxe7 Kb4 63. Rb7+ Kc3 64. Kh4 a3 65. Kxh5 a2 66. Ra7 Kb2 67. Rxa2+ Kxa2 1/2-1/2

[Event "European Rapid Championship 2021"]
[Site "Katowice"]
[Date "2021.12.19"]
[Round "7.1"]
[White "Keinanen, Toivo"]
[Black "Brodowski, Piotr"]
[Result "1/2-1/2"]
[ECO "A41"]
[WhiteElo "2341"]
[BlackElo "2414"]
[Annotator "ChessBase"]
[PlyCount "137"]
[EventDate "2021.12.18"]
[EventType "swiss"]
[EventCountry "POL"]
[SourceTitle "playchess.com"]
[Source "ChessBase"]
[SourceQuality "1"]
[TimeControl "900+10"]

1. d4 d6 2. Nf3 g6 3. e4 Bg7 4. Be2 Nf6 5. Nbd2 O-O 6. O-O Bg4 7. c3 Nc6 8. Re1 Bxf3 9. Bxf3 e5 10. Nc4 Nd7 11. Be3 exd4 12. cxd4 Qf6 13. d5 Nce5 14. Nxe5 Qxe5 15. Qb3 b6 16. Rab1 Nc5 17. Qc2 a5 18. Bd2 Rfe8 19. b3 Qe7 20. a3 a4 21. b4 Nb3 22. Bc3 Rac8 23. Bg4 Ra8 24. Rbd1 h5 25. Bf3 Rac8 26. Bxg7 Kxg7 27. Re3 Qe5 28. Qc3 Qxc3 29. Rxc3 Re7 30. g3 Rce8 31. h4 Kf6 32. Bg2 Kg7 33. Bf3 Kh6 34. Rc4 Kg7 35. Kg2 Kf6 36. Rd3 Ke5 37. Bd1 b5 38. Rcc3 Kxe4 39. Bxb3 axb3 40. Rxb3 f5 41. f4 c6 42. dxc6 d5 43. Rd1 d4 44. Rbd3 Rd8 45. Re1+ Kxd3 46. Rxe7 Rc8 47. c7 Kc2 48. Re5 Rxc7 49.
Rc5+ Rxc5 50. bxc5 d3 51. c6 d2 52. c7 d1=Q 53. c8=Q+ Kb2 54. Qa6 Qe2+ 55. Kg1 Qe1+ 56. Kg2 Qd2+ 57. Kg1 Qd3 58. Kh2 Ka2 59. Kg2 Qxa3 60. Qxb5 Qb2+ 61. Qxb2+ Kxb2 62. Kf2 Kc2 63. Ke2 Kc3 64. Ke3 Kc4 65. Ke2 Kc3 66. Ke3 Kc4 67. Ke2 Kd4 68. Kd2 Ke4 69. Ke2 1/2-1/2

[Event "European Rapid Championship 2021"]
[Site "Katowice"]
[Date "2021.12.19"]
[Round "7.1"]
[White "Lewtak, Dominik"]
[Black "Kalogeris, Ioannis"]
[Result "0-1"]
[ECO "D02"]
[WhiteElo "2165"]
[BlackElo "2357"]
[Annotator "NA"]
[PlyCount "58"]
[EventDate "2021.12.18"]
[EventType "swiss"]
[EventCountry "POL"]
[SourceTitle "playchess.com"]
[Source "ChessBase"]
[SourceQuality "1"]
[TimeControl "900+10"]

1. d4 Nf6 2. Nf3 d5 3. Bf4 Bf5 4. e3 e6 5. Nbd2 Be7 6. Be2 Nh5 7. Bg3 O-O 8. O-O Nxg3 9. hxg3 c5 10. c3 Nc6 11. a4 c4 12. Ne5 Nxe5 13.
dxe5 Qc7 14. g4 Bg6 15. f4 Bc5 16. Rf3 Qb6 17. Kf2 Qxb2 18.
f5 exf5 19. gxf5 Bh5 20. Rh3 Bxe2 21. Kxe2 Qxc3 22. Qh1 Qd3+ 23. Ke1 Bb4 24. Rd1 Qxf5 25. Rh5 Qd3 26. e4 c3 27. Rxh7 cxd2+ 28. Rxd2 Qxd2+ 29. Kf1 Qe1# 0-1

[Event "European Rapid Championship 2021"]
[Site "Katowice"]
[Date "2021.12.19"]
[Round "7.2"]
[White "Kovalenko, Igor"]
[Black "Donchenko, Alexander"]
[Result "1/2-1/2"]
[ECO "D37"]
[WhiteElo "2649"]
[BlackElo "2535"]
[Annotator "ChessBase"]
[PlyCount "71"]
[EventDate "2021.12.18"]
[EventType "swiss"]
[EventCountry "POL"]
[SourceTitle "playchess.com"]
[Source "ChessBase"]
[SourceQuality "1"]
[TimeControl "900+10"]

1. d4 Nf6 2. Nf3 d5 3. c4 e6 4. Nc3 dxc4 5. e3 a6 6. a4 c5 7. Bxc4 Nc6 8. O-O Qc7 9. Qe2 Be7 10. b3 O-O 11. d5 exd5 12. Nxd5 Nxd5 13. Bxd5 Bg4 14. Bb2 Rad8 15. Rad1 Nd4 16. exd4 Rxd5 17. dxc5 Rxc5 18. Rfe1 Bd6 19. Rxd6 Qxd6 20. Ba3 Bxf3 21. Bxc5 Bxe2 22. Bxd6 Re8 23. Bb4 Re6 24. f3 h5 25. Bc3 Bd3 26. Rd1 Bc2 27. Rd8+ Kh7 28. Rd7 Bxb3 29. Rxb7 Bd5 30. Rd7 Bb3 31. a5 Kg6 32. h4 Rc6 33. Bd2 Be6 34. Rb7 Rc2 35. Bb4 Bc4 36. Rc7 1/2-1/2